 Dungeon Crawl Stone Soup version 0.27.1-33-g824d729ab1 (webtiles) character file.

Game seed: 14413757735653697788

427 pkoi the Ruffian (level 6, -1/48 HPs)
             Began as a Draconian Gladiator on Dec 6, 2021.
             Was an Initiate of the Shining One.
             Succumbed to a gnoll's poison
             ... on level 5 of the Dungeon.
             The game lasted 00:05:22 (6422 turns).

pkoi the Ruffian (Draconian Gladiator)              Turns: 6422, Time: 00:05:23

Health: -1/48      AC: 11    Str: 22    XL:     6   Next: 65%
Magic:  6/6        EV: 12    Int: 11    God:    the Shining One [......]
Gold:   190        SH:  0    Dex: 12    Spells: 5/5 levels left

rFire    . . .     SeeInvis .     - Unarmed
rCold    . . .     Faith    .   (no shield)
rNeg     . . .     Spirit   .   (armour unavailable)
rPois    .         Reflect  .   a - +1 hat
rElec    .         Harm     .   p - +0 cloak
rCorr    .         Rampage  .   h - +0 pair of gloves
Will     .....                  c - +1 pair of boots
Stlth    +.........             (no amulet)
HPRegen  0.16/turn              g - +6 ring of strength
MPRegen  0.10/turn              (no ring)

@: lethally poisoned (-1 -> -25), glowing
A: AC +6, unfitting armour, cold-blooded
a: Renounce Religion


You were on level 5 of the Dungeon.
You worshipped the Shining One.
The Shining One was noncommittal.
You visited 1 branch of the dungeon, and saw 5 of its levels.
You also visited: Sewer.

You collected 190 gold pieces.

Inventory:

Missiles
 b - 3 throwing nets (quivered)
 l - 8 boomerangs
Armour
 a - a +1 hat (worn)
 c - a +1 pair of boots (worn)
 h - a +0 pair of gloves (worn)
 p - a +0 cloak (worn)
Jewellery
 g - a +6 ring of strength (left hand)
Wands
 e - a wand of acid (5)
 f - a wand of mindburst (10)
Scrolls
 i - 3 scrolls of enchant armour
 j - 5 scrolls of identify
Potions
 d - a potion of heal wounds
 k - 3 potions of flight


   Skills:
 - Level 2.1 Fighting
 - Level 1.7 Throwing
 - Level 3.1 Dodging
 * Level 6.9 Unarmed Combat
 + Level 2.3 Evocations


You had 5 spell levels left.
You didn't know any spells.
Your spell library was empty.

Dungeon Overview and Level Annotations

Branches:
Dungeon (5/15)              Sewer (visited)
 Temple: D:4-7

Altars:
The Shining One

Shops:
D:4 !


Innate Abilities, Weirdness & Mutations

Your plain brown scales are hard. (AC +6)
You cannot fit into any form of body armour.
You are cold-blooded and may be slowed by cold attacks.


Message History

The gnoll sergeant is splashed with acid.
The acid corrodes the gnoll sergeant!
The gnoll sergeant is almost dead.
The bolt of acid hits the gnoll!
The gnoll is splashed with acid.
You kill the gnoll!
The bolt of acid misses the gnoll.
You hear a shout!
The gnoll sergeant hits you with a +0 trident!
* * * LOW HITPOINT WARNING * * *
You hit the gnoll sergeant. You tail-slap the gnoll sergeant.
The gnoll sergeant is almost dead.
The gnoll sergeant barely misses you.
You hit the gnoll sergeant.
You kill the gnoll sergeant!
The gnoll hits you but does no damage.
You are poisoned.
Things that are here:
a +0 trident; a +0 ring mail; a gnoll corpse You closely miss the gnoll.
You feel sick.
The gnoll hits you with a +2 whip of venom.
* * * LOW HITPOINT WARNING * * *
You are lethally poisoned!
You hit the gnoll.
The gnoll is moderately wounded.
* * * LOW HITPOINT WARNING * * *
You feel very sick. The gnoll barely misses you.
You punch the gnoll!
The gnoll is severely wounded.
* * * LOW HITPOINT WARNING * * *
You feel very sick.
The gnoll hits you with a +2 whip of venom!
* * * LOW HITPOINT WARNING * * *
You are more poisoned.
Aiming: Corrosive Bolt
Press: ? - help, Shift-Dir - straight line, f - gnoll
Aim: a gnoll, wielding a +2 whip of venom (severely wounded, 75% to hit)
The bolt of acid hits the gnoll!!
The gnoll is splashed with acid.
You kill the gnoll!
You die...

####
..#
#)#
#@#
#)#
#.#
#.#
#.#
####.#
#....#
#.####
#.#


There were no monsters in sight!

Vanquished Creatures
  An ogre (D:4)
  A gnoll sergeant (D:5)
  An orc priest (D:4)
  An orc wizard (D:4)
  7 adders
  4 gnolls (D:5)
  A shadow imp (D:5)
  An adder skeleton (D:4)
  2 dart slugs (D:2)
  3 orcs (D:4)
  12 ball pythons
  9 bats
  14 endoplasms
  7 giant cockroaches
  14 goblins
  7 hobgoblins
  7 jackals
  5 kobolds
  3 quokkas
  5 frilled lizards
  8 rats
113 creatures vanquished.

Vanquished Creatures (others)
  A goblin (D:2)
  A quokka (D:2)
  A bat (D:2)
  A rat (D:2)
4 creatures vanquished.

Grand Total: 117 creatures vanquished

Notes
Turn   | Place    | Note
-------+----------+-------------------------------------------
     0 | D:1      | pkoi the Draconian Gladiator began the quest for the Orb.
     0 | D:1      | Reached XP level 1. HP: 17/17 MP: 1/1
   665 | D:1      | Reached XP level 2. HP: 20/24 MP: 2/2
  1025 | D:1      | Reached skill level 4 in Unarmed Combat
  1208 | D:1      | Reached XP level 3. HP: 27/29 MP: 3/3
  2159 | D:2      | Reached skill level 5 in Unarmed Combat
  2159 | D:2      | Reached XP level 4. HP: 36/36 MP: 4/4
  2581 | D:3      | Found a glowing drain.
  2674 | Sewer    | Entered a sewer
  2931 | Sewer    | Reached XP level 5. HP: 41/41 MP: 5/5
  4610 | D:4      | Found Zuody's Distillery.
  4748 | D:4      | Noticed an ogre
  4763 | D:4      | Killed an ogre
  4764 | D:4      | Reached skill level 6 in Unarmed Combat
  4764 | D:4      | Reached skill level 1 in Evocations
  5654 | D:4      | Reached XP level 6. HP: 32/48 MP: 6/6
  6065 | D:4      | Found a glowing golden altar of the Shining One.
  6278 | D:4      | Became a worshipper of the Shining One
  6320 | D:5      | Entered Level 5 of the Dungeon
  6422 | D:5      | Succumbed to a gnoll's poison

Illustrated notes

Levels and vault maps discovered:
D:1:      denvon_arrival_planthouse, layout_loops_ring, serial_park_tiny_pond,
          minmay_tromino_v7
D:2:      layout_loops_ring, serial_rivers, chequers_serial_rivers_micro_b,
          chequers_serial_rivers_micro_e, chequers_serial_rivers_small_b,
          chequers_serial_rivers_micro_a, chequers_serial_rivers_marsh,
          chequers_serial_rivers_micro_b, lemuel_flame_loot_1
D:3:      layout_loops_corners, gup_sewer_entry_glass
D:4:      layout_layer_cave, nicolae_tso_swordbearing_angel, serial_shops,
          kennysheep_little_box
D:5:      layout_loops_ring, minmay_temple_entry_drinking_statues, serial_shops,
          nicolae_shop_stone, uniq_menkaure, uniq_ijyb

Skill      XL: |  1  2  3  4  5  6 |
---------------+-------------------+-----
Unarmed Combat | 4 5 6 |  6.9
Dodging        | 3 |  3.1
Evocations     | 1 2 |  2.3
Fighting       | |  2.1
Throwing       | |  1.7

Action                   |  1- 3 |  4- 6 || total
-------------------------+-------+-------++-------
Melee: Unarmed           |   124 |   202 ||   326
       Tailslap          |    20 |    32 ||    52
       Punch             |     1 |       ||     1
Evoke: Wand              |       |     3 ||     3
  Use: Potion            |       |     8 ||     8
       Scroll            |       |     7 ||     7
 Stab: Sleeping          |     2 |     2 ||     4
Armor: Skin              |    30 |    96 ||   126
Dodge: Dodged            |    57 |   146 ||   203
